SA
ATHLETIC CLUB KC U-21 @ DELAWARE 1787 BC
07/04/2031
 
TOP OF THE 1ST
Athletic Club KC U-21 batting - Pitching for Delaware 1787 BC : RHP Yodo Takano
Pitching: RHP Yodo Takano
Batting: LHB Loo Liu 0-0: Foul Ball, location: 2F
0-1: Foul Ball, location: 2F
0-2: Fly out, F9 (Flyball, 9)
Batting: RHB Travis Murphy 0-0: Swinging Strike
0-1: Hit by Pitch
Batting: RHB Bing-zhong Wu 0-0: SINGLE (Line Drive, 34)
Travis Murphy to second
Batting: RHB Mario Truxillo 0-0: Ball
1-0: Called Strike
1-1: Foul Ball, location: 2F
1-2: Strikes out swinging
Batting: RHB Andy Roarick 0-0: SINGLE (Line Drive, 89M)
Travis Murphy to third
Bing-zhong Wu to second
Runner from 3rd tries for Home, SAFE, throw made home
Batting: RHB Jon Hall 0-0: Ball
1-0: Ball
2-0: Ball
3-0: Called Strike
3-1: Foul Ball, location: 2F
3-2: Strikes out swinging
Top of the 1st over - 1 run, 2 hits, 0 errors, 2 left on base; Athletic Club KC 1 - Delaware 0
BOTTOM OF THE 1ST
Delaware 1787 BC batting - Pitching for Athletic Club KC U-21 : RHP Tom Erickson
Pitching: RHP Tom Erickson
Batting: LHB Xuan-ling Liao 0-0: Ball
1-0: Called Strike
1-1: Ball
2-1: Swinging Strike
2-2: Ball
3-2: Strikes out looking
Batting: RHB Tobias Jimenez 0-0: Ball
1-0: Foul Ball, location: 2F
1-1: Ball
2-1: Foul Ball, location: 2F
2-2: Ball
3-2: Ground out 4-3 (Groundball, 4)
Batting: LHB Bryce Abood 0-0: Ball
1-0: Ball
2-0: Foul Ball, location: 2F
2-1: Ball
3-1: Called Strike
3-2: Fly out, F9 (Flyball, 9S)
Bottom of the 1st over - 0 runs, 0 hits, 0 errors, 0 left on base; Athletic Club KC 1 - Delaware 0
TOP OF THE 2ND
Athletic Club KC U-21 batting - Pitching for Delaware 1787 BC : RHP Yodo Takano
Batting: RHB Bobby McFillin 0-0: Called Strike
0-1: Called Strike
0-2: Strikes out swinging
Batting: RHB Gabriel Camparán 0-0: Called Strike
0-1: Ball
1-1: SINGLE (Groundball, 6MD)
Batting: RHB Juan Jose Rangel 0-0: Called Strike
0-1: Grounds into double play, 6-4-3 (Groundball, 6)
Top of the 2nd over - 0 runs, 1 hit, 0 errors, 0 left on base; Athletic Club KC 1 - Delaware 0
BOTTOM OF THE 2ND
Delaware 1787 BC batting - Pitching for Athletic Club KC U-21 : RHP Tom Erickson
Batting: SHB Curt Pack 0-0: Ball
1-0: Called Strike
1-1: Called Strike
1-2: Strikes out looking
Batting: RHB Gerold Olthof 0-0: Ball
1-0: Called Strike
1-1: Ball
2-1: Foul Ball, location: 2F
2-2: Ball
3-2: Foul Ball, location: 2F
3-2: Strikes out looking
Batting: RHB Darryl Reed 0-0: Ball
1-0: Called Strike
1-1: Swinging Strike
1-2: Strikes out swinging
Bottom of the 2nd over - 0 runs, 0 hits, 0 errors, 0 left on base; Athletic Club KC 1 - Delaware 0
TOP OF THE 3RD
Athletic Club KC U-21 batting - Pitching for Delaware 1787 BC : RHP Yodo Takano
Batting: LHB Loo Liu 0-0: Hit by Pitch
Batting: RHB Travis Murphy 0-0: Foul Ball, location: 2F
0-1: Fly out, F8 (Flyball, 8LM)
Batting: RHB Bing-zhong Wu 0-0: Ball
Wild Pitch!
Loo Liu to second
1-0: Called Strike
Loo Liu steals 3rd base
1-1: Foul Ball, location: 2F
1-2: DOUBLE (Flyball, 89D)
Loo Liu scores
Batting: RHB Mario Truxillo 0-0: Ball
1-0: Foul Ball, location: 2F
1-1: Ball
2-1: Foul Ball, location: 2F
2-2: Ball
3-2: Foul Ball, location: 2F
3-2: Foul Ball, location: 2F
3-2: Fly out, F7 (Flyball, 7LD)
Batting: RHB Andy Roarick 0-0: 2-RUN HOME RUN (Flyball, 7D), Distance : 371 ft
Batting: RHB Jon Hall 0-0: DOUBLE (Flyball, 8RXD)
Batting: RHB Bobby McFillin 0-0: Ground out 6-3 (Groundball, 6)
Top of the 3rd over - 3 runs, 3 hits, 0 errors, 1 left on base; Athletic Club KC 4 - Delaware 0
BOTTOM OF THE 3RD
Delaware 1787 BC batting - Pitching for Athletic Club KC U-21 : RHP Tom Erickson
Batting: RHB Kendrick Drumgoole 0-0: Called Strike
0-1: Called Strike
0-2: Foul Ball, location: 2F
0-2: Ground out 6-3 (Groundball, 6D)
Batting: RHB Carlos Mendoza 0-0: Ball
1-0: Foul Ball, location: 2F
1-1: Ball
2-1: Ball
3-1: Fly out, F8 (Flyball, 8LD)
Batting: SHB José Trinidad 0-0: Ball
1-0: Foul Ball, location: 2F
1-1: Called Strike
1-2: Ball
2-2: Strikes out swinging
Bottom of the 3rd over - 0 runs, 0 hits, 0 errors, 0 left on base; Athletic Club KC 4 - Delaware 0
TOP OF THE 4TH
Athletic Club KC U-21 batting - Pitching for Delaware 1787 BC : RHP Yodo Takano
Batting: RHB Gabriel Camparán 0-0: Foul Ball, location: 2F
0-1: Swinging Strike
0-2: Ball
1-2: SINGLE (Groundball, 56D)
Batting: RHB Juan Jose Rangel 0-0: Fielders Choice at 2nd, 1-6 (Groundball, 13)
Batting: LHB Loo Liu 0-0: Foul Ball, location: 2F
0-1: SINGLE (Flyball, 8LS)
Juan Jose Rangel to second
Batting: RHB Travis Murphy 0-0: Foul Ball, location: 2F
0-1: Called Strike
0-2: Ball
Wild Pitch!
Juan Jose Rangel to third
Loo Liu to second
1-2: Ball
2-2: Reached on error, E6 (Groundball, 6)
Juan Jose Rangel scores
Loo Liu to third
Batting: RHB Bing-zhong Wu 0-0: Ball
1-0: Called Strike
1-1: SINGLE (Groundball, 6D)
Loo Liu scores
Travis Murphy to second
Batting: RHB Mario Truxillo 0-0: Ball
1-0: Grounds into double play, 5-4-3 (Groundball, 56)
Top of the 4th over - 2 runs, 3 hits, 1 error, 1 left on base; Athletic Club KC 6 - Delaware 0
BOTTOM OF THE 4TH
Delaware 1787 BC batting - Pitching for Athletic Club KC U-21 : RHP Tom Erickson
Batting: LHB Xuan-ling Liao 0-0: Foul Ball, location: 2F
0-1: Ball
1-1: Ball
2-1: Foul Ball, location: 2F
2-2: Strikes out swinging
Batting: RHB Tobias Jimenez 0-0: Called Strike
0-1: Foul Ball, location: 2F
0-2: Ball
1-2: Ball
2-2: SOLO HOME RUN (Flyball, 78XD), Distance : 386 ft
Batting: LHB Bryce Abood 0-0: Ball
1-0: Ball
2-0: Ball
3-0: Called Strike
3-1: Called Strike
3-2: Foul Ball, location: 2F
3-2: Base on Balls
Batting: SHB Curt Pack 0-0: Called Strike
0-1: Ball
1-1: Ball
2-1: Ball
3-1: Foul Ball, location: 2F
3-2: Foul Ball, location: 2F
3-2: Foul Ball, location: 2F
3-2: SINGLE (Groundball, 4MD)
Bryce Abood to second
Batting: RHB Gerold Olthof 0-0: Swinging Strike
0-1: Ball
1-1: Swinging Strike
1-2: Foul Ball, location: 2F
1-2: Ball
2-2: Ball
3-2: Strikes out looking
Batting: RHB Darryl Reed 0-0: Ball
1-0: Fly out, F9 (Flyball, 9LS)
Bottom of the 4th over - 1 run, 2 hits, 0 errors, 2 left on base; Athletic Club KC 6 - Delaware 1
TOP OF THE 5TH
Athletic Club KC U-21 batting - Pitching for Delaware 1787 BC : RHP Yodo Takano
Batting: RHB Andy Roarick 0-0: Swinging Strike
0-1: Fly out, F7 (Flyball, 7S)
Batting: RHB Jon Hall 0-0: Called Strike
0-1: Ball
1-1: Foul Ball, location: 2F
1-2: Ball
2-2: Foul Ball, location: 2F
2-2: Ball
3-2: Foul Ball, location: 2F
3-2: Base on Balls
Batting: RHB Bobby McFillin 0-0: Called Strike
0-1: Ball
1-1: Swinging Strike
1-2: Ball
2-2: Ball
3-2: Ground out 4-3 (Groundball, 4MD)
Jon Hall to second
Batting: RHB Gabriel Camparán 0-0: Ball
1-0: Swinging Strike
1-1: Swinging Strike
1-2: Strikes out swinging
Top of the 5th over - 0 runs, 0 hits, 0 errors, 1 left on base; Athletic Club KC 6 - Delaware 1
BOTTOM OF THE 5TH
Delaware 1787 BC batting - Pitching for Athletic Club KC U-21 : RHP Tom Erickson
Batting: RHB Kendrick Drumgoole 0-0: Fly out, F4 (Line Drive, 4)
Batting: RHB Carlos Mendoza 0-0: Called Strike
0-1: DOUBLE (Flyball, 89D)
Batting: SHB José Trinidad 0-0: Ball
1-0: Ball
2-0: Foul Ball, location: 2F
2-1: Called Strike
2-2: Foul Ball, location: 2F
2-2: Ball
3-2: Strikes out looking
Pitching: LHP Augusto Martínez
Batting: LHB Xuan-ling Liao 0-0: Ball
1-0: Foul Ball, location: 2F
1-1: Called Strike
1-2: Strikes out looking
Bottom of the 5th over - 0 runs, 1 hit, 0 errors, 1 left on base; Athletic Club KC 6 - Delaware 1
TOP OF THE 6TH
Athletic Club KC U-21 batting - Pitching for Delaware 1787 BC : RHP Yodo Takano
Batting: RHB Juan Jose Rangel 0-0: Ball
1-0: Called Strike
1-1: Ball
2-1: Ball
3-1: Foul Ball, location: 2F
3-2: Base on Balls
Batting: LHB Loo Liu 0-0: Called Strike
0-1: Ball
1-1: Ball
2-1: Swinging Strike
2-2: Foul Ball, location: 2F
Balk!
Juan Jose Rangel to second
2-2: Strikes out looking and he ARGUES THE CALL AND IS TOSSED!
Batting: RHB Travis Murphy 0-0: Called Strike
0-1: Ball
1-1: SINGLE (Line Drive, 8RS)
Juan Jose Rangel to third
Batting: RHB Bing-zhong Wu 0-0: Ball
1-0: SINGLE (Groundball, 6M) (infield hit)
Juan Jose Rangel scores
Travis Murphy to second
Batting: RHB Mario Truxillo 0-0: Called Strike
0-1: Called Strike
0-2: Ball
1-2: Strikes out swinging
Batting: RHB Andy Roarick 0-0: Ball
1-0: Ball
2-0: Called Strike
2-1: Foul Ball, location: 2F
2-2: Ball
3-2: Base on Balls
Travis Murphy to third
Bing-zhong Wu to second
Batting: RHB Jon Hall 0-0: Ball
1-0: Swinging Strike
1-1: SINGLE (Line Drive, 56D)
Travis Murphy scores
Bing-zhong Wu to third
Andy Roarick to second
Runner from 3rd tries for Home, SAFE, no throw
Batting: RHB Bobby McFillin 0-0: Ball
1-0: Foul Ball, location: 2F
1-1: Called Strike
1-2: Foul Ball, location: 2F
1-2: Strikes out swinging
Top of the 6th over - 3 runs, 3 hits, 0 errors, 2 left on base; Athletic Club KC 9 - Delaware 1
BOTTOM OF THE 6TH
Delaware 1787 BC batting - Pitching for Athletic Club KC U-21 : LHP Augusto Martínez
Now in CF: José Torres
Batting: RHB Tobias Jimenez 0-0: Called Strike
0-1: Called Strike
0-2: Ball
1-2: Ball
2-2: SINGLE (Line Drive, 56D)
Batting: LHB Bryce Abood 0-0: Fly out, F8 (Flyball, 8LS)
Batting: SHB Curt Pack 0-0: Ball
1-0: Foul Ball, location: 2F
1-1: Foul Ball, location: 2F
1-2: Ball
2-2: Foul Ball, location: 2F
2-2: Ball
3-2: Fly out, F8 (Flyball, 8LD)
Batting: RHB Gerold Olthof 0-0: Ball
1-0: Called Strike
1-1: Ball
2-1: Called Strike
2-2: Strikes out swinging
Bottom of the 6th over - 0 runs, 1 hit, 0 errors, 1 left on base; Athletic Club KC 9 - Delaware 1
TOP OF THE 7TH
Athletic Club KC U-21 batting - Pitching for Delaware 1787 BC : RHP Yodo Takano
Batting: RHB Gabriel Camparán 0-0: Ball
1-0: Fly out, F9 (Flyball, 89M)
Batting: RHB Juan Jose Rangel 0-0: Ball
1-0: Called Strike
1-1: Called Strike
1-2: Ball
2-2: Ball
3-2: Strikes out swinging
Batting: RHB José Torres 0-0: Reached on error, E6 (Groundball, 6D)
Pitching: RHP Amando Codes
Batting: RHB Travis Murphy 0-0: Ball
1-0: Fly out, F7 (Line Drive, 78D)
Top of the 7th over - 0 runs, 0 hits, 1 error, 1 left on base; Athletic Club KC 9 - Delaware 1
BOTTOM OF THE 7TH
Delaware 1787 BC batting - Pitching for Athletic Club KC U-21 : LHP Augusto Martínez
Now at 3B: José Hernández
Batting: RHB Darryl Reed 0-0: Swinging Strike
0-1: Ball
1-1: Foul Ball, location: 2F
1-2: SINGLE (Flyball, 8RS)
Batting: RHB Kendrick Drumgoole 0-0: 2-RUN HOME RUN (Line Drive, 78XD), Distance : 403 ft
Batting: RHB Carlos Mendoza 0-0: Ball
1-0: Ball
2-0: Called Strike
2-1: Ball
3-1: Foul Ball, location: 2F
3-2: Foul Ball, location: 2F
3-2: Ground out U3 (Groundball, 3)
Batting: SHB José Trinidad 0-0: Ball
1-0: Foul Ball, location: 2F
1-1: Foul Ball, location: 2F
1-2: Strikes out swinging
Batting: LHB Xuan-ling Liao 0-0: Ball
1-0: Ball
2-0: Ball
3-0: Called Strike
3-1: Foul Ball, location: 2F
3-2: Base on Balls
Batting: RHB Tobias Jimenez 0-0: Foul Ball, location: 2F
0-1: Foul Ball, location: 2F
0-2: Ball
1-2: Foul Ball, location: 2F
1-2: Ball
Xuan-ling Liao steals 2nd base
2-2: Ball
3-2: SINGLE (Groundball, 6) (infield hit)
Xuan-ling Liao to third
Batting: LHB Bryce Abood 0-0: Foul Ball, location: 2F
0-1: Foul Ball, location: 2F
0-2: Ball
1-2: Ball
2-2: Ball
3-2: Foul Ball, location: 2F
3-2: Foul Ball, location: 2F
3-2: SINGLE (Groundball, 6D)
Xuan-ling Liao scores
Tobias Jimenez to second
Tobias Jimenez to third
Batting: SHB Curt Pack 0-0: Called Strike
0-1: Ball
1-1: DOUBLE (Groundball, 3L)
Tobias Jimenez scores
Bryce Abood to third
Pitching: RHP Ty Hardin
Batting: RHB Gerold Olthof 0-0: Fly out, F9 (Line Drive, 9)
Bottom of the 7th over - 4 runs, 5 hits, 0 errors, 2 left on base; Athletic Club KC 9 - Delaware 5
TOP OF THE 8TH
Athletic Club KC U-21 batting - Pitching for Delaware 1787 BC : RHP Amando Codes
Batting: RHB Bing-zhong Wu 0-0: Ground out 6-3 (Groundball, 6)
Batting: RHB Mario Truxillo 0-0: SINGLE (Groundball, 2L) (infield hit)
Batting: RHB Andy Roarick 0-0: Ball
1-0: Ball
2-0: Called Strike
2-1: Ball
3-1: 2-RUN HOME RUN (Flyball, 7LD), Distance : 342 ft
Batting: RHB Jon Hall 0-0: Ground out 6-3 (Groundball, 56)
Batting: RHB Bobby McFillin 0-0: Called Strike
0-1: Foul Ball, location: 2F
0-2: Ball
1-2: Ball
2-2: Ball
3-2: Foul Ball, location: 2F
3-2: Fly out, F3 (Popup, 34S)
Top of the 8th over - 2 runs, 2 hits, 0 errors, 0 left on base; Athletic Club KC 11 - Delaware 5
BOTTOM OF THE 8TH
Delaware 1787 BC batting - Pitching for Athletic Club KC U-21 : RHP Ty Hardin
Now at C: José García
Batting: RHB Darryl Reed 0-0: Ball
1-0: Ball
2-0: Foul Ball, location: 2F
2-1: Ball
3-1: Fly out, F6 (Popup, 6MS)
Batting: RHB Kendrick Drumgoole 0-0: Called Strike
0-1: Swinging Strike
0-2: Ball
1-2: Foul Ball, location: 2F
1-2: SINGLE (Groundball, 56) (infield hit)
Batting: RHB Carlos Mendoza 0-0: Called Strike
0-1: Ball
1-1: Swinging Strike
1-2: Foul Ball, location: 2F
1-2: Strikes out swinging
Batting: SHB José Trinidad 0-0: Ball
1-0: Called Strike
1-1: Ball
2-1: Swinging Strike
2-2: Strikes out swinging
Bottom of the 8th over - 0 runs, 1 hit, 0 errors, 1 left on base; Athletic Club KC 11 - Delaware 5
TOP OF THE 9TH
Athletic Club KC U-21 batting - Pitching for Delaware 1787 BC : RHP Amando Codes
Batting: RHB José Hernández 0-0: Ball
1-0: Foul Ball, location: 2F
1-1: Swinging Strike
1-2: SINGLE (Groundball, 56D)
Batting: RHB Juan Jose Rangel 0-0: Called Strike
0-1: Ball
1-1: Ball
2-1: Called Strike
2-2: Strikes out swinging
Batting: RHB José Torres 0-0: SINGLE (Flyball, 9LS)
José Hernández to second
Runner from 2nd tries for 3rd, SAFE, no throw
Batting: RHB Travis Murphy 0-0: Foul Ball, location: 2F
0-1: Ball
1-1: Ball
Pickoff Throw to First - Error! E1
José Hernández scores
José Torres to second
2-1: Called Strike
2-2: Ground out 1-3 (Groundball, 15)
Batting: RHB Bing-zhong Wu Balk!
José Torres to third
0-0: Ball
1-0: Ball
2-0: Fly out, F9 (Line Drive, 9D)
Top of the 9th over - 1 run, 2 hits, 1 error, 1 left on base; Athletic Club KC 12 - Delaware 5
BOTTOM OF THE 9TH
Delaware 1787 BC batting - Pitching for Athletic Club KC U-21 : RHP Ty Hardin
Batting: LHB Xuan-ling Liao 0-0: Called Strike
0-1: Called Strike
0-2: Foul Ball, location: 2F
0-2: Ball
1-2: Strikes out swinging
Batting: RHB Tobias Jimenez 0-0: Foul Ball, location: 2F
0-1: Ball
1-1: Ball
2-1: Foul Ball, location: 2F
2-2: Fly out, F5 (Flyball, 56D)
Batting: LHB Bryce Abood 0-0: Foul Ball, location: 2F
0-1: Ball
1-1: Ball
2-1: Swinging Strike
2-2: SINGLE (Groundball, 4MD)
Batting: SHB Curt Pack 0-0: Ball
1-0: Swinging Strike
1-1: Foul Ball, location: 2F
1-2: Ball
2-2: Foul Ball, location: 2F
2-2: Strikes out swinging, 2-3 out at first.
Bottom of the 9th over - 0 runs, 1 hit, 0 errors, 1 left on base; Athletic Club KC 12 - Delaware 5
Tuesday, June 12th, 2018 - OOTP Baseball 18.8 Build 76